 Dungeon Crawl Stone Soup version 0.27-a0-926-g0e6d9124c6 (webtiles) character file.

Game seed: 11684913341073343240

12889 knvbkl the Geomancer (level 12, -3/71 HPs)
             Began as a Gargoyle Earth Elementalist on Apr 10, 2021.
             Was a Priest of Vehumet.
             Shot with an arrow by Nessos (17 damage)
             ... on level 12 of the Dungeon.
             The game lasted 00:31:04 (14053 turns).

knvbkl the Geomancer (Gargoyle Earth Elementalist) Turns: 14053, Time: 00:31:04

Health: -3/71      AC: 26    Str: 13    XL:     12   Next: 0%
Magic:  20/32      EV: 13    Int: 20    God:    Vehumet [***...]
Gold:   1424       SH:  0    Dex: 10    Spells: 16/25 levels left

rFire    . . .     SeeInvis .   i - +2 dagger (venom)
rCold    . . .     Faith    .   (no shield)
rNeg     + . .     Spirit   .   s - +3 leather armour
rPois    ∞         Reflect  .   k - +1 helmet
rElec    +         Harm     .   n - +2 cloak
rCorr    .         Rampage  .   M - +1 pair of gloves
Will     .....                  p - +2 pair of boots
Stlth    ++........             C - amulet of regeneration
HPRegen  1.21/turn              g - ring of magical power
MPRegen  0.23/turn              m - ring of wizardry

@: no status effects
A: AC +8, negative energy resistance 1, electricity resistance, torment
resistance 1, unbreathing 1, petrification resistance
a: Renounce Religion


You were on level 12 of the Dungeon.
You worshipped Vehumet.
Vehumet was most pleased with you.
You visited 2 branches of the dungeon, and saw 13 of its levels.
You also visited: Sewer and Bailey.

You collected 2675 gold pieces.
You spent 1251 gold pieces at shops.

Inventory:

Hand Weapons
 i - a +2 dagger of venom (weapon)
 o - a +0 flail of freezing
 t - a +1 whip of electrocution
 L - a +3 morningstar
Missiles
 b - 213 stones
 F - a throwing net
 J - a curare-tipped dart
Armour
 k - a +1 helmet (worn)
 n - a +2 cloak (worn)
 p - a +2 pair of boots (worn)
 s - a +3 leather armour (worn)
 M - a +1 pair of gloves (worn)
Jewellery
 g - a ring of magical power (left hand)
 j - a ring of protection from cold
 m - a ring of wizardry (right hand)
 v - a ring of protection from fire
 A - a +6 ring of dexterity
 C - an amulet of regeneration (around neck)
Wands
 c - a wand of digging (5)
 f - a wand of iceblast (3)
 w - a wand of random effects (23)
 H - a wand of mindburst (7)
 K - a wand of paralysis (4)
 N - a wand of flame (16)
 P - a wand of charming (5)
Scrolls
 d - 5 scrolls of enchant weapon
 e - 8 scrolls of teleportation
 h - 6 scrolls of identify
 u - a scroll of blinking
 y - a scroll of immolation
 E - 3 scrolls of magic mapping
 G - a scroll of fear
Potions
 a - 9 potions of curing
 q - a potion of brilliance
 r - 3 potions of resistance
 x - a potion of cancellation
 z - a potion of berserk rage
 B - a potion of attraction
 D - 4 potions of flight
 I - a potion of heal wounds
 O - a potion of haste


   Skills:
 + Level 6.6 Fighting
 + Level 6.1 Maces & Flails
 - Level 6.0 Armour
 + Level 5.4 Dodging
 - Level 2.1 Stealth
 + Level 7.4 Spellcasting
 + Level 8.0 Conjurations
 - Level 0.7 Transmutations
 + Level 9.9 Earth Magic
 + Level 5.5 Evocations


You had 16 spell levels left.
You knew the following spells:

 Your Spells              Type           Power      Damage    Failure   Level
a - Sandblast             Erth           94%        2d19      1%          1
b - Stone Arrow           Conj/Erth      86%        3d12      1%          3
c - Lee's Rapid Deconstr  Erth           23%        3d14*     1%          5

Your spell library contained the following spells:

 Spells                   Type           Power      Damage    Failure   Level
 Conjure Flame            Conj/Fire      23%        6-21      1%          3
 Passwall                 Tmut/Erth      23%        N/A       1%          2
 Animate Skeleton         Necr           14%        N/A       4%          1
 Apportation              Tloc           14%        N/A       4%          1
 Corona                   Hex            7%         N/A       4%          1
 Summon Small Mammal      Summ           28%        N/A       4%          1
 Petrify                  Tmut/Erth      28%        N/A       4%          4


Dungeon Overview and Level Annotations

Branches:
Dungeon (12/15)            Temple (1/1) D:4            Lair (0/6) D:11
    Orc (0/2) D:10          Sewer (visited)          Bailey (visited)

Altars:
Ashenzari
Cheibriados
Dithmenos
Elyvilon
Fedhas
Gozag
Hepliaklqana
Kikubaaqudgha
Makhleb
Nemelex Xobeh
Okawaru
Qazlal
Ru
Sif Muna
Trog
Uskayaw
Vehumet
Wu Jian
Xom
Yredelemnul
Zin
The Shining One

Shops:
D:2 *   D:3 !   D:11 *

Annotations:
D:10 1 runed translucent door, eskilway's ghost, novice TrMo
D:12 Nessos


Innate Abilities, Weirdness & Mutations

Your stone body is resilient. (AC +8)
You are immune to poison.
You resist negative energy. (rN+)
You are resistant to electric shocks. (rElec)
You are resistant to unholy torment.
You can survive without breathing.
You are immune to petrification.


Message History

Confirm with . or Enter, or press ? or * to list all spells.
Aiming: Stone Arrow (safe; 1% risk of failure)
Press: ? - help, Shift-Dir - straight line, f - Nessos
Aim: Nessos, wielding a +2 longbow of flaming, wearing a +0 barding and quivering arrows (15% to evade)
The stone arrow hits Nessos!
Nessos is lightly wounded.
Nessos casts a spell.
Nessos seems to speed up.
A centaur comes into view.
Nessos shoots an arrow.
The arrow hits you! The arrow burns you.
Casting: Stone Arrow (safe; 1% risk of failure)
Confirm with . or Enter, or press ? or * to list all spells.
Aiming: Stone Arrow (safe; 1% risk of failure)
Press: ? - help, Shift-Dir - straight line, f/p - Nessos
Aim: Nessos, wielding a +2 longbow of flaming, wearing a +0 barding and quivering arrows (lightly wounded, fast, 15% to evade)
The stone arrow hits Nessos!
Nessos is moderately wounded.
Nessos blinks!
Nessos shoots an arrow.
The arrow hits you! The arrow burns you.
Casting: Stone Arrow (safe; 1% risk of failure)
Confirm with . or Enter, or press ? or * to list all spells.
Aiming: Stone Arrow (safe; 1% risk of failure)
Press: ? - help, Shift-Dir - straight line, f/p - Nessos
Aim: Nessos, wielding a +2 longbow of flaming, wearing a +0 barding and quivering arrows (moderately wounded, fast, 15% to evade)
The stone arrow hits Nessos.
Nessos is moderately wounded.
Nessos shoots an arrow.
The arrow hits you!!
* * * LOW HITPOINT WARNING * * *
The arrow burns you.
* * * LOW HITPOINT WARNING * * *
Nessos shoots an arrow.
The arrow completely misses you.
Casting: Stone Arrow (safe; 1% risk of failure)
Confirm with . or Enter, or press ? or * to list all spells.
Aiming: Stone Arrow (safe; 1% risk of failure)
Press: ? - help, Shift-Dir - straight line, f/p - Nessos
Aim: Nessos, wielding a +2 longbow of flaming, wearing a +0 barding and quivering arrows (moderately wounded, fast, 15% to evade)
The stone arrow hits Nessos!
Nessos is heavily wounded.
Nessos shoots an arrow.
The arrow hits you but does no damage.
Nessos shoots an arrow.
The arrow hits you!
You die...

#.##########...####..........
#............#......#######..
############...############..
#...## #.......... #.###
#.#######.. #.# #.# #..
######.#######.#########
...^.................# #
###..@..####.#####.# #
#>.##.# #.# #.# # #..##.# #.#
#.# # #..##.# #.#####.###
#cc##.# #.......... #.. #.#
#######.### #.. #.# #.#.. ...
#.# #.#.# ..# #.#.#


You could see Nessos (fast) and a centaur.

Vanquished Creatures
  A boulder beetle (D:12)
  5 two-headed ogres
  Pikel (D:6)
  An orc knight (Bailey)
  A manticore (D:11)
  A komodo dragon (D:8)
  A troll (D:10)
  A slime creature (D:12)
  A shadow (D:12)
  Sigmund (D:6)
  A wraith (D:12)
  A spriggan (D:9)
  2 vampires
  2 wyverns
  4 yaks (D:7)
  Eustachio (D:4)
  4 vampire mosquitoes (D:7)
  Menkaure (D:7)
  A steam dragon (D:9)
  An acid dragon (D:10)
  A water moccasin (D:7)
  Duvessa (D:6)
  A sky beast (D:5)
  2 ice beasts
  A hornet zombie (D:8)
  9 orc warriors
  2 black bears
  An ogre (D:9)
  3 centaurs
  A necrophage (D:5)
  2 phantoms
  A kobold brigand (D:7)
  2 bullfrogs
  2 gnoll sergeants (D:5)
  2 scorpions
  Dowan (D:6)
  2 water moccasin skeletons (D:5)
  6 wights (D:9)
  A howler monkey (D:8)
  6 centaur zombies
  A bullfrog zombie (D:6)
  2 hounds (D:5)
  2 jellies
  6 orc priests
  2 bullfrog skeletons
  A centaur skeleton (D:6)
  Ijyb (D:5)
  Natasha (twice) (D:3)
  5 orc wizards
  A hound zombie (D:5)
  A hound skeleton (D:4)
  A mummy (D:9)
  2 howler monkey zombies (D:6)
  Robin (D:2)
  7 gnolls (D:5)
  20 adders
  2 river rats (D:4)
  A shadow imp (D:6)
  2 white imps
  An ufetubus (D:4)
  3 dart slugs
  39 orcs
  12 ball pythons
  7 bats
  9 endoplasms
  8 giant cockroaches
  18 goblins
  9 hobgoblins
  15 jackals
  7 quokkas
  8 frilled lizards
  20 kobolds
  A quokka skeleton (D:4)
  7 rats
303 creatures vanquished.

Vanquished Creatures (others)
  5 toadstools (D:1)
  2 withered plants (D:10)
7 creatures vanquished.

Grand Total: 310 creatures vanquished

Notes
Turn   | Place    | Note
-------+----------+-------------------------------------------
     0 | D:1      | knvbkl the Gargoyle Earth Elementalist began the quest for
                  | the Orb.
     0 | D:1      | Reached XP level 1. HP: 10/10 MP: 3/3
   235 | D:1      | Reached XP level 2. HP: 15/15 MP: 1/5
   333 | D:1      | Reached skill level 4 in Earth Magic
  1219 | D:2      | Reached XP level 3. HP: 12/19 MP: 4/7
  1225 | D:2      | Learned a level 3 spell: Stone Arrow
  1442 | D:2      | Noticed Robin
  1590 | D:2      | Killed Robin
  1596 | D:2      | Reached skill level 1 in Conjurations
  1596 | D:2      | Reached XP level 4. HP: 12/24 MP: 8/8
  1861 | D:2      | Found Lisoapta's General Store.
  1876 | D:2      | Bought a potion of magic for 80 gold pieces
  1876 | D:2      | Bought a scroll of teleportation for 30 gold pieces
  1876 | D:2      | Bought a potion of degeneration for 10 gold pieces
  2258 | D:2      | Reached skill level 5 in Earth Magic
  2429 | D:3      | Reached XP level 5. HP: 27/28 MP: 9/9
  2440 | D:3      | Learned a level 5 spell: Lee's Rapid Deconstruction
  2597 | D:3      | Found Poegal's Distillery.
  2606 | D:3      | Bought a potion of curing for 42 gold pieces
  2606 | D:3      | Noticed Natasha
  2609 | D:3      | Killed Natasha
  2751 | D:3      | Identified a scroll of acquirement
  2751 | D:3      | Acquired 738 gold pieces
  3407 | D:3      | Bought a potion of brilliance for 56 gold pieces
  3407 | D:3      | Bought 2 potions of resistance for 280 gold pieces
  3460 | D:2      | Bought a +3 leather armour for 190 gold pieces
  3516 | D:3      | Noticed Natasha
  3523 | D:3      | Killed Natasha
  3524 | D:3      | Reached XP level 6. HP: 24/32 MP: 11/11
  3766 | D:4      | Noticed Eustachio
  3795 | D:4      | Killed Eustachio
  3796 | D:4      | Reached skill level 6 in Earth Magic
  3844 | D:4      | Found a staircase to the Ecumenical Temple.
  3917 | D:4      | Found a glowing drain.
  3923 | Sewer    | Entered a sewer
  4027 | Sewer    | Reached XP level 7. HP: 24/36 MP: 13/13
  4951 | Temple   | Entered the Ecumenical Temple
  5453 | D:5      | Entered Level 5 of the Dungeon
  6095 | D:5      | Reached skill level 1 in Fighting
  6095 | D:5      | Reached skill level 1 in Armour
  6197 | D:5      | Noticed Ijyb
  6215 | D:5      | Killed Ijyb
  6216 | D:5      | Reached skill level 1 in Maces & Flails
  6271 | D:5      | Reached skill level 1 in Evocations
  6271 | D:5      | Reached XP level 8. HP: 43/43 MP: 15/15
  6566 | D:5      | Reached skill level 7 in Earth Magic
  6658 | D:5      | You fall into a shaft and drop 3 floors!
  6726 | D:8      | Noticed a vampire
  6729 | D:8      | Noticed an efreet
  6764 | D:8      | Noticed a meliai
  6765 | D:8      | Noticed a centaur warrior
  6767 | D:8      | Noticed a tengu warrior
  6769 | D:8      | Noticed a centaur warrior
  6863 | D:8      | Noticed a wyvern
  6871 | D:8      | Killed a wyvern
  6872 | D:8      | Reached skill level 5 in Spellcasting
  7100 | D:8      | Noticed a komodo dragon
  7178 | D:8      | Acquired 789 gold pieces
  7232 | D:7      | Reached skill level 5 in Conjurations
  7239 | D:7      | Reached XP level 9. HP: 22/49 MP: 10/16
  7577 | D:6      | Noticed Sigmund
  7580 | D:6      | Killed Sigmund
  7905 | D:5      | Found a radiant altar of Vehumet.
  7905 | D:5      | Found an ornate altar of the Wu Jian Council.
  7909 | D:5      | Became a worshipper of Vehumet
  8405 | D:6      | You fall into a shaft and drop 3 floors!
  8466 | D:9      | Reached skill level 8 in Earth Magic
  8474 | D:9      | Found a flagged portal.
  8480 | Bailey   | Entered a bailey
  8670 | Bailey   | Noticed an orc knight
  8677 | Bailey   | Reached * piety under Vehumet
  8677 | Bailey   | Offered knowledge of Freeze by Vehumet.
  8682 | Bailey   | Killed an orc knight
  8683 | Bailey   | Reached XP level 10. HP: 56/56 MP: 15/18
  9696 | D:7      | Reached ** piety under Vehumet
  9697 | D:7      | Offered knowledge of Foxfire by Vehumet.
  9913 | D:6      | Noticed Dowan
  9925 | D:6      | Killed Dowan
 10028 | D:6      | Noticed Duvessa
 10038 | D:6      | Killed Duvessa
 10039 | D:6      | Reached skill level 5 in Fighting
 10055 | D:6      | Noticed Pikel
 10072 | D:6      | Killed Pikel
 10073 | D:6      | Reached skill level 5 in Armour
 10396 | D:7      | You fall into a shaft and drop 2 floors!
 10762 | D:7      | Found a hazy altar of Hepliaklqana.
 10880 | D:7      | Noticed Menkaure
 10885 | D:7      | Killed Menkaure
 10886 | D:7      | Reached skill level 9 in Earth Magic
 11159 | D:8      | Found a shadowy altar of Dithmenos.
 11378 | D:8      | Reached skill level 5 in Maces & Flails
 11378 | D:8      | Reached XP level 11. HP: 64/64 MP: 20/20
 11886 | D:9      | Noticed a two-headed ogre
 11893 | D:9      | Killed a two-headed ogre
 12020 | D:9      | Offered knowledge of Conjure Flame by Vehumet.
 12352 | D:10     | Entered Level 10 of the Dungeon
 12352 | D:10     | Noticed a two-headed ogre
 12359 | D:10     | Killed a two-headed ogre
 12363 | D:10     | Reached *** piety under Vehumet
 12575 | D:10     | Reached skill level 5 in Dodging
 12682 | D:10     | Found a runed translucent door.
 12684 | D:10     | Found a staircase to the Orcish Mines.
 12689 | D:10     | Noticed eskilway's ghost (novice TrMo)
 13059 | D:11     | Found Ceil Jaj's Assorted Antiques.
 13069 | D:11     | Bought a scroll of identify for 46 gold pieces
 13069 | D:11     | Bought a scroll of enchant weapon for 172 gold pieces
 13069 | D:11     | Bought a potion of heal wounds for 115 gold pieces
 13069 | D:11     | Bought 2 potions of curing for 138 gold pieces
 13069 | D:11     | Bought an encrusted glass wand for 92 gold pieces
 13149 | D:11     | Noticed a manticore
 13153 | D:11     | Killed a manticore
 13154 | D:11     | Reached skill level 5 in Evocations
 13357 | D:11     | Noticed a two-headed ogre
 13357 | D:11     | Noticed a two-headed ogre
 13363 | D:11     | Killed a two-headed ogre
 13368 | D:11     | Killed a two-headed ogre
 13572 | D:11     | Found a staircase to the Lair.
 13599 | D:12     | Noticed a two-headed ogre
 13607 | D:12     | Killed a two-headed ogre
 13750 | D:12     | Noticed a boulder beetle
 13764 | D:12     | Killed a boulder beetle
 13901 | D:12     | Reached XP level 12. HP: 71/71 MP: 21/23
 13975 | D:12     | Noticed Nessos
 14053 | D:12     | Shot with an arrow by Nessos

Illustrated notes

Levels and vault maps discovered:
D:1:      psy_arrival_fountain, layout_basic, fountainhead,
          chequers_serial_rivers_micro_e, minmay_gold_behind_fungi
D:2:      layout_rooms, serial_shops, shop, minmay_mini_jars, uniq_robin
D:3:      layout_basic, serial_shops, shop, uniq_natasha
D:4:      wander_river, layout_rooms, minmay_temple_entry_drinking_statues,
          portal_sewer_entry_e, uniq_eustachio
D:5:      layout_loops_corners, gammafunk_temple_overflow_elements,
          nrook_campfire, hangedman_decor_riveting, minmay_misc_feat_pillars,
          grunt_ministairs_14, uniq_ijyb
D:6:      layout_basic, kennysheep_minor_cross, hangedman_decor_push,
          grunt_tough_drop, uniq_sigmund, uniq_duvessa, uniq_pikel
D:7:      layout_loops_cross, kennysheep_mini, uniq_menkaure
D:8:      layout_basic, grunt_dithmenos_shadows,
          onia_ninara_dug_in_and_dangerous
D:9:      layout_loops_ring, enter_bailey_3, serial_undead, serial_undead_c,
          serial_undead_d, serial_undead_c, serial_undead_b, grunt_ogre_cave,
          mrwooster_statue_mirror, the_bakery
D:10:     layout_big_octagon, david_orc_2, gammafunk_ghost_grave
D:11:     layout_small_grid, lair_entry_dummy, serial_shops, shop
D:12:     layout_loops_ring, uniq_nessos
Temple:   dpeg_five_rooms_temple

Skill      XL: |  1  2  3  4  5  6  7  8  9 10 11 |
---------------+----------------------------------+-----
Earth Magic    | 4 5 6 7 8 9 |  9.9
Spellcasting   | 3 4 5 6 7 |  7.4
Conjurations   | 1 2 3 4 5 6 8 |  8.0
Fighting       | 1 2 4 5 6 |  6.6
Armour         | 1 2 4 5 6 |  6.0
Maces & Flails | 1 2 3 5 6 |  6.1
Dodging        | 2 3 4 5 |  5.4
Evocations     | 1 2 3 4 5 |  5.5
Stealth        | |  2.1
Transmutations | |  0.7

Action                   |  1- 3 |  4- 6 |  7- 9 | 10-12 || total
-------------------------+-------+-------+-------+-------++-------
Melee: Club              |    32 |       |       |       ||    32
       Short sword       |    32 |       |       |       ||    32
       Dagger            |     9 |   177 |   284 |   241 ||   711
 Cast: Sandblast         |    24 |    23 |    87 |    71 ||   205
       Lee's Rapid Decon |       |       |     7 |    14 ||    21
       Stone Arrow       |       |       |     1 |    78 ||    79
Evoke: Wand              |       |       |    11 |     4 ||    15
  Use: Scroll            |       |     5 |    10 |     4 ||    19
       Potion            |       |       |       |     3 ||     3
 Stab: Sleeping          |     4 |     2 |     3 |     2 ||    11
       Distracted        |       |       |       |     1 ||     1
Armor: Robe              |    30 |    62 |       |       ||    92
       Leather armour    |       |    85 |   243 |   226 ||   554
Dodge: Dodged            |    46 |   185 |   245 |   226 ||   702

Table legend: (Time is in decaauts)
 A = Elapsed time spent in this place.
 B = Non-inter-level travel time spent in this place.
 C = Inter-level travel time spent in this place.
 D = Time resting spent in this place.
 E = Time spent auto-exploring this place.
 F = Levels seen in this place.
 G = Mean time per level.
                   A        B        C        D        E       F      G
               +--------+--------+--------+--------+--------+-----+--------+
         Total |  14186 |  13295 |    891 |   1274 |   9150 |  15 |  945.7 |
       Dungeon |  12404 |  11544 |    860 |   1097 |   8049 |  12 | 1033.7 |
        Temple |    319 |    288 |     31 |      0 |    288 |   1 |  319.0 |
         Sewer |    812 |    812 |      0 |     10 |    583 |   1 |  812.0 |
        Bailey |    649 |    649 |      0 |    167 |    229 |   1 |  649.0 |
               +--------+--------+--------+--------+--------+-----+--------+

Top non-repeatable levels by time:
     D:5: 1607 daAuts
     D:2: 1331 daAuts
     D:9: 1328 daAuts
     D:8: 1235 daAuts
     D:3: 1160 daAuts
     D:1: 1125 daAuts
     D:6: 1095 daAuts
     D:7: 995 daAuts
     D:4: 819 daAuts
   Sewer: 812 daAuts
    D:11: 671 daAuts
  Bailey: 649 daAuts
    D:10: 642 daAuts
    D:12: 391 daAuts
  Temple: 319 daAuts
